 Dungeon Crawl Stone Soup version 0.24-a0-497-g5a03d68f59 (webtiles) character file.

Game seed: 2732530012213609404

1124 Azzok the Magician (level 8, -2/41 HPs)
             Began as a Deep Elf Fire Elementalist on July 13, 2019.
             Slain by a hound (4 damage)
             ... on level 4 of the Dungeon.
             The game lasted 00:07:39 (5935 turns).

Azzok the Magician (Deep Elf Fire Elementalist)     Turns: 5935, Time: 00:07:39

Health: -2/41      AC:  3    Str:  5    XL:     8   Next: 13%
Magic:  16/21      EV: 13    Int: 23    God:
Gold:   205        SH:  0    Dex: 15    Spells: 9/22 levels left

rFire    . . .     SeeInvis .   e - +4 short sword (drain)
rCold    . . .     Gourm    .   (no shield)
rNeg     . . .     Faith    .   a - +0 robe
rPois    .         Spirit   .   f - +0 helmet
rElec    .         Reflect  .   g - scarf {repulsion}
rCorr    .         Harm     .   (no gloves)
MR       .....                  (no boots)
Stlth    ++........             (no amulet)
HPRegen  0.13/turn              k - +5 ring of slaying
MPRegen  0.17/turn              (no ring)

@: repel missiles
A: no striking features
a: no special abilities


You were on level 4 of the Dungeon.
You were hungry.

You visited 1 branch of the dungeon, and saw 5 of its levels.

You collected 205 gold pieces.

Inventory:

Hand Weapons
 e - a +4 short sword of draining (weapon)
Armour
 a - a +0 robe (worn)
 f - a +0 helmet (worn)
 g - a scarf of repulsion (worn)
Jewellery
 k - a +5 ring of slaying (left hand)
 u - a cursed amulet of inaccuracy {unknown}
Scrolls
 d - a scroll of enchant armour {unknown}
 i - 2 scrolls of teleportation {unknown}
 j - 7 scrolls of identify {unknown}
 l - a scroll of remove curse {unknown}
 m - 2 scrolls of fog {unknown}
 p - a scroll of enchant weapon {unknown}
Potions
 b - a potion of berserk rage {unknown}
 h - 3 potions of curing {unknown}
 n - 2 potions of might {unknown}
 o - a potion of brilliance {unknown}
 r - a potion of mutation {unknown}
 s - a potion of agility {unknown}
 t - 2 potions of degeneration {unknown}
Comestibles
 c - 8 rations


   Skills:
 - Level 2.4 Dodging
 - Level 2.4 Stealth
 + Level 7.8 Spellcasting
 + Level 6.1 Conjurations
 + Level 6.8 Fire Magic


You had 9 spell levels left.
You knew the following spells:

 Your Spells              Type           Power        Failure   Level  Hunger
a - Flame Tongue          Conj/Fire      #####        1%          1    None
b - Conjure Flame         Conj/Fire      #####...     1%          3    None
c - Sticky Flame          Conj/Fire      #####...     4%          4    ###....
d - Fireball              Conj/Fire      #####.....   14%         5    #####..

Your spell library contained the following spells:

 Spells                   Type           Power        Failure   Level  Hunger
 Throw Flame              Conj/Fire      #####.       1%          2    None
 Inner Flame              Hex/Fire       ###.....     5%          3    None


Dungeon Overview and Level Annotations

Branches:
Dungeon (5/15)
 Temple: D:4-7

Altars:
Fedhas
Zin


Message History

* * * LOW HITPOINT WARNING * * *
The hound bites you.
* * * LOW HITPOINT WARNING * * *
The orc hits you with a +0 mace.
* * * LOW HITPOINT WARNING * * *
You climb upwards.
There is a stone staircase leading down here.
Casting: Flame Tongue (safe; 1% risk of failure)
Confirm with . or Enter, or press ? or * to list all spells.
Aiming: Sticky Flame (safe; 4% risk of failure)
Press: ? - help, Shift-Dir - straight line, f - orc
Aim: an orc, wielding a +0 mace and wearing a +0 leather armour The sticky flame hits the orc.
The orc is severely wounded.
The orc is covered in liquid flames!
The orc burns!
You kill the orc!
The hound bites you.
* * * LOW HITPOINT WARNING * * *
The hound bites you.
You die...

▒▒▒▒▒▒ ▒····· ▒·▒▒▒▒
▒▒▒▒▒▒▒▒▒▒▒ ▒·▒
▒·········▒ ▒·▒
▒·▒▒▒▒▒▒▒·▒▒▒▒▒▒▒▒▒<▒▒▒▒
▒·····)h▒··············▒
▒·▒▒▒▒▒@▒▒▒▒▒▒▒▒·▒▒▒▒▒·▒
▒·▒ ▒▒▒·▒▒▒▒···········▒
▒·▒ ▒············▒▒▒▒▒·▒
▒·▒ ▒·▒·▒▒▒·▒▒▒▒▒▒ ▒·▒
▒▒▒▒·▒ ▒·▒·····▒ ▒·▒
▒····▒ ▒·▒▒▒▒▒▒▒ ▒·▒
▒·▒▒·▒ ▒·▒▒▒▒▒▒▒▒▒▒▒ ▒·▒
▒·▒▒·▒ ▒···········▒ ▒)▒
▒·▒▒·▒▒▒··▒▒▒▒▒▒▒▒·▒ ▒··


You could see a hound.

Vanquished Creatures
  Grinder (D:4)
  Sigmund (D:2)
  Eustachio (D:4)
  An ogre (D:4)
  Blork the orc (D:4)
  2 hounds
  6 orc wizards
  An iguana (D:4)
  A hound skeleton (D:4)
  Robin (D:2)
  4 gnolls
  4 adders
  A shadow imp (D:3)
  2 oozes
  4 worms
  2 dart slugs
  3 leopard geckos
  9 orcs
  8 bats
  2 giant cockroaches
  12 goblins
  6 hobgoblins
  9 jackals
  7 kobolds
  A quokka (D:4)
  2 ball pythons (D:3)
  3 frilled lizards
  7 rats
102 creatures vanquished.

Notes
Turn   | Place    | Note
-------+----------+-------------------------------------------
     0 | D:1      | Azzok the Deep Elf Fire Elementalist began the quest for
                  | the Orb.
     0 | D:1      | Reached XP level 1. HP: 10/10 MP: 6/6
     4 | D:1      | Noticed a black mamba
   341 | D:1      | Noticed a black mamba
   526 | D:1      | Reached XP level 2. HP: 15/15 MP: 6/8
  1299 | D:2      | Reached XP level 3. HP: 17/19 MP: 3/10
  1624 | D:2      | Reached skill level 4 in Spellcasting
  1707 | D:2      | Learned a level 3 spell: Conjure Flame
  1732 | D:2      | Noticed Sigmund
  2361 | D:2      | Reached XP level 4. HP: 14/24 MP: 7/12
  2367 | D:2      | Learned a level 4 spell: Sticky Flame
  2772 | D:2      | Noticed Robin
  2777 | D:2      | Killed Robin
  3382 | D:3      | Reached XP level 5. HP: 28/28 MP: 10/14
  3392 | D:3      | Learned a level 5 spell: Fireball
  3851 | D:3      | Reached skill level 5 in Spellcasting
  4084 | D:3      | Found a blossoming altar of Fedhas.
  4475 | D:2      | Killed Sigmund
  4475 | D:2      | Reached skill level 5 in Fire Magic
  4475 | D:2      | Reached XP level 6. HP: 31/32 MP: 10/16
  4636 | D:4      | Noticed Eustachio
  4647 | D:4      | Killed Eustachio
  4647 | D:4      | Reached skill level 6 in Spellcasting
  4647 | D:4      | Reached XP level 7. HP: 22/36 MP: 12/18
  4832 | D:4      | Reached skill level 5 in Conjurations
  4953 | D:4      | Noticed Grinder
  4959 | D:4      | Killed Grinder
  4959 | D:4      | Reached skill level 7 in Spellcasting
  5340 | D:4      | Noticed Blork the orc
  5347 | D:4      | Killed Blork the orc
  5347 | D:4      | Reached XP level 8. HP: 41/41 MP: 10/21
  5524 | D:4      | Found a glowing silver altar of Zin.
  5930 | D:5      | Entered Level 5 of the Dungeon
  5935 | D:4      | HP: 2/41 [hound (4)]
  5935 | D:4      | Slain by a hound

Levels and vault maps discovered:
D:1:      sevenhm_arrival_forest_fort_small_2, layout_basic
D:2:      layout_loops_corners, cheibrodos_gnoll_hut, uniq_sigmund, uniq_robin
D:3:      layout_basic, lemuel_coloured_pillars_altar, portal_sewer_entry_b,
          first_ration
D:4:      layout_loops_ring, zin_academy, uniq_grinder, uniq_eustachio,
          uniq_blork_the_orc
D:5:      layout_rooms, minitemple, uniq_ijyb

Skill      XL: |  1  2  3  4  5  6  7  8 |
---------------+-------------------------+-----
Conjurations   | 2 3 4 5 6 |  6.1
Spellcasting   | 4 5 6 7 |  7.8
Fire Magic     | 4 5 6 |  6.8
Dodging        | |  2.4
Stealth        | |  2.4

Action                   |  1- 3 |  4- 6 |  7- 9 || total
-------------------------+-------+-------+-------++-------
Melee: Unarmed           |    17 |       |       ||    17
       Short sword       |    18 |    18 |    24 ||    60
 Cast: Flame Tongue      |    53 |    65 |    40 ||   158
       Sticky Flame      |       |     4 |     8 ||    12
       Conjure Flame     |       |       |     1 ||     1
 Stab: Sleeping          |     4 |     1 |       ||     5
  Eat: Chunk             |     3 |     4 |     2 ||     9
       Ration            |     1 |       |     1 ||     2
Armor: Robe              |    14 |    12 |     6 ||    32
Dodge: Dodged            |    46 |    39 |    25 ||   110
       Deflected         |       |     2 |     1 ||     3

Table legend:
 A = Non-vault XP
 B = Vault XP
 C = Vault XP percentage of total XP
 D = Non-vault monster count
 E = Vault monster count
 F = Vault count percentage of total count
                 A         B        C        D         E       F
            +---------+---------+-------+---------+---------+-------
      Total |     742 |     864 |  53.8 |      83 |      19 |  18.6
            +---------+---------+-------+---------+---------+-------
        D:1 |      26 |       0 |   0.0 |      13 |       0 |   0.0
        D:2 |      84 |     271 |  76.3 |      26 |      12 |  31.6
        D:3 |     184 |       5 |   2.6 |      21 |       4 |  16.0
        D:4 |     448 |     588 |  56.8 |      23 |       3 |  11.5
            +---------+---------+-------+---------+---------+-------
